 Dungeon Crawl Stone Soup version 0.23.2-1-ga50397a (webtiles) character file.

Game seed: 833694466295970125

813577 diana the Slayer (level 27, -7/304 (312) HPs)
             Began as a Demonspawn Fighter on May 22, 2019.
             Was a High Priest of Qazlal.
             Mangled by a bennu (10 damage)
             ... on level 3 of the Tomb of the Ancients on May 23, 2019.
             The game lasted 03:35:08 (86613 turns).

diana the Slayer (Demonspawn Fighter)              Turns: 86613, Time: 03:35:10

HP:   -7/304 (312)  AC: 59    Str: 33      XL:     27
MP:   0/36          EV: 14    Int: 13      God:    Qazlal [*****.]
Gold: 8635          SH:  0    Dex: 30 (31) Spells: 26/26 levels left

rFire    + + .     SeeInvis .   l - +4 demon blade (elec)
rCold    . . .     Gourm    .   G - +2 large shield of Honour {rN+ rCorr}
rNeg     + . .     Faith    .   M - +7 crystal plate armour of the Accordion {rElec Str+3}
rPois    +         Spirit   +   (helmet unavailable)
rElec    +         Reflect  .   F - +2 cloak of Zin's Castigation {rCorr Slay+3 Stlth-}
rCorr    +         Harm     .   E - +3 pair of gauntlets of War {Slay+5}
MR       +++++                  W - +5 pair of boots of Insurance {*Drain MR+++ Dex+6}
Stlth    ..........             P - amulet of Inwap {Acrobat rPois Int+2 Slay+6 Stlth+}
HPRegen  0.60/turn              I - ring of Sut Kolu {rCorr rPois rF+ Str+4 Dex+2}
MPRegen  0.50/turn              g - ring "Zonuag" {EV+1 Str-2 Int-2 Dex+8 Slay+2}

@: about to teleport, marked, protected from physical damage, contaminated,
held, slowed, glowing, lightly drained, repel missiles, very slow
A: claws 1, horns 3, slimy green scales 3, clever 1, fire resistance 1, ignite
blood, robust 3, shaggy fur 1, strong 1, magic shield, magic regeneration, magic
link, flame cloud immunity
}: 4/15 runes: barnacled, slimy, silver, gossamer
a: Upheaval, Elemental Force, Disaster Area, Renounce Religion


You were on level 3 of the Tomb of the Ancients.
You worshipped Qazlal.
Qazlal was extremely pleased with you.
You were not hungry.

You visited 16 branches of the dungeon, and saw 62 of its levels.
You visited the Abyss 2 times.
You visited 1 bazaar.
You visited 1 ziggurat, and saw 1 of its levels.
You also visited: Trove, Sewer, Bailey, Gauntlet, Ice Cave, Volcano, Wizlab and Desolation.

You collected 11085 gold pieces.
You spent 2450 gold pieces at shops.

Inventory:

Hand Weapons
 l - a +4 demon blade of electrocution (weapon)
 o - the +8 demon blade "Bloodbane" {slice, *Rage +Rage Stlth-}
   (You found it on level 1 of the Depths)

   It inflicts extra damage upon your enemies.
   It lets you go berserk.
   It may make you go berserk in combat.
   It makes you less stealthy.
Missiles
 e - 2 throwing nets
Armour
 E - the +3 pair of gauntlets of War (worn) {Slay+5}
   (You found it in a volcano)

   It affects your accuracy and damage with ranged weapons and melee attacks
   (+5).
 F - the +2 cloak of Zin's Castigation (worn) {rCorr Slay+3 Stlth-}
   (You acquired it on level 1 of the Lair of Beasts)

   It affects your accuracy and damage with ranged weapons and melee attacks
   (+3).
   It provides partial protection from all sources of acid and corrosion.
   It makes you less stealthy.
 G - the +2 large shield of Honour (worn) {rN+ rCorr}
   (You acquired it on level 1 of the Lair of Beasts)

   It protects you from negative energy.
   It provides partial protection from all sources of acid and corrosion.
 M - the +7 crystal plate armour of the Accordion (worn) {rElec Str+3}
   (Okawaru gifted it to you on level 4 of the Vaults)

   It affects your strength (+3).
   It insulates you from electricity.
 W - the +5 pair of boots of Insurance (worn) {*Drain MR+++ Dex+6}
   (Okawaru gifted it to you on level 5 of the Vaults)

   It affects your dexterity (+6).
   It affects your resistance to hostile enchantments.
   It causes draining when unequipped.
Jewellery
 g - the ring "Zonuag" (right hand) {EV+1 Str-2 Int-2 Dex+8 Slay+2}
   (You found it on level 5 of the Pits of Slime)

   [ring of evasion]

   It affects your evasion (+1).
   It affects your strength (-2).
   It affects your intelligence (-2).
   It affects your dexterity (+8).
   It affects your accuracy and damage with ranged weapons and melee attacks
   (+2).
 I - the ring of Sut Kolu (left hand) {rCorr rPois rF+ Str+4 Dex+2}
   (You found it in an ice cave)

   [ring of resist corrosion]

   It affects your strength (+4).
   It affects your dexterity (+2).
   It protects you from fire.
   It protects you from poison.
 P - the amulet of Inwap (around neck) {Acrobat rPois Int+2 Slay+6 Stlth+}
   (You bought it in a shop on level 2 of the Orcish Mines)

   [amulet of the acrobat]

   It helps you evade while moving and waiting.
   It affects your intelligence (+2).
   It affects your accuracy and damage with ranged weapons and melee attacks
   (+6).
   It protects you from poison.
   It makes you more stealthy.
 R - the ring of Mirth {+Inv rPois rF+ rC+ SInv}
   (You found it on level 1 of the Spider Nest)

   [ring of see invisible]

   It protects you from fire.
   It protects you from cold.
   It protects you from poison.
   It lets you see invisible.
   It lets you turn invisible.
Wands
 b - a wand of flame (74)
 h - a wand of iceblast (38)
 y - a wand of paralysis (5)
 z - a wand of scattershot (4)
 O - a wand of digging (5)
 U - a wand of clouds (16)
 Y - a wand of acid (42)
Scrolls
 a - 4 scrolls of silence
 c - a scroll of amnesia
 i - 13 scrolls of fear
 k - 25 scrolls of remove curse
 m - 12 scrolls of identify
 n - 11 scrolls of fog
 p - 4 scrolls of blinking
 q - 5 scrolls of summoning
 t - a scroll of holy word
 A - 20 scrolls of teleportation
 J - 2 scrolls of enchant armour
 K - 6 scrolls of immolation
 N - a scroll of enchant weapon
 Q - 5 scrolls of magic mapping
Potions
 d - 5 potions of resistance
 j - 11 potions of brilliance
 r - 9 potions of haste
 s - 8 potions of flight
 u - 5 potions of invisibility
 v - a potion of might
 B - 12 potions of mutation
 C - 6 potions of magic
 H - 32 potions of curing
 L - 7 potions of agility
 S - 4 potions of berserk rage
 Z - 5 potions of ambrosia
Miscellaneous
 x - 3 phantom mirrors
Comestibles
 f - 67 rations


   Skills:
 + Level 24.9(24.0) Fighting
 - Level 20.5(19.7) Long Blades
 + Level 23.0(22.2) Armour
 + Level 22.9(22.1) Dodging
 + Level 21.6(20.7) Shields
 * Level 19.3(18.5) Invocations


You had 26 spell levels left.
You didn't know any spells.
Your spell library contained the following spells:

 Spells                   Type           Power        Failure   Level  Hunger
 Animate Skeleton         Necr           N/A          98%         1    ##.....
 Apportation              Tloc           #.....       98%         1    ##.....
 Beastly Appendage        Tmut           #.....       98%         1    ##.....
 Confusing Touch          Hex            #.....       98%         1    ##.....
 Corona                   Hex            #......      98%         1    ##.....
 Flame Tongue             Conj/Fire      #....        98%         1    ##.....
 Infusion                 Chrm           #...         98%         1    ##.....
 Magic Dart               Conj           #...         98%         1    ##.....
 Sandblast                Erth           #.....       98%         1    ##.....
 Shock                    Conj/Air       #...         98%         1    ##.....
 Sting                    Conj/Pois      #...         98%         1    ##.....
 Summon Butterflies       Summ           #.......     98%         1    ##.....
 Summon Small Mammal      Summ           #...         98%         1    ##.....
 Blink                    Tloc           N/A          99%         2    ###....
 Call Imp                 Summ           #.......     99%         2    ###....
 Corpse Rot               Necr           N/A          99%         2    ###....
 Passwall                 Tmut/Erth      #.......     99%         2    ###....
 Poisonous Vapours        Pois/Air       #.....       99%         2    ###....
 Searing Ray              Conj           #.....       99%         2    ###....
 Shroud of Golubria       Chrm/Tloc      #.........   99%         2    ###....
 Slow                     Hex            #.......     99%         2    ###....
 Song of Slaying          Chrm           #.......     99%         2    ###....
 Sticks to Snakes         Tmut           #.......     99%         2    ###....
 Sublimation of Blood     Necr           #.........   99%         2    ###....
 Swiftness                Chrm/Air       #.......     99%         2    ###....
 Throw Flame              Conj/Fire      #.....       99%         2    ###....
 Call Canine Familiar     Summ           #.......     100%        3    ####...
 Confuse                  Hex            #.......     100%        3    ####...
 Conjure Flame            Conj/Fire      #.......     100%        3    ####...
 Dazzling Spray           Conj/Hex       #.....       100%        3    ####...
 Gell's Gravitas          Tloc           #.........   100%        3    ####...
 Inner Flame              Hex/Fire       #.......     100%        3    ####...
 Lesser Beckoning         Tloc           #.........   100%        3    ####...
 Mephitic Cloud           Conj/Pois/Air  #.......     100%        3    ####...
 Ozocubu's Armour         Chrm/Ice       #.......     100%        3    ####...
 Portal Projectile        Hex/Tloc       #.....       100%        3    ####...
 Recall                   Summ/Tloc      N/A          100%        3    ####...
 Regeneration             Chrm/Necr      #.........   100%        3    ####...
 Spectral Weapon          Hex/Chrm       #.......     100%        3    ####...
 Spider Form              Tmut/Pois      #.........   100%        3    ####...
 Static Discharge         Conj/Air       #.......     100%        3    ####...
 Stone Arrow              Conj/Erth      #.....       100%        3    ####...
 Summon Guardian Golem    Hex/Summ       #.......     100%        3    ####...
 Teleport Other           Tloc           #.......     100%        3    ####...
 Tukima's Dance           Hex            #.......     100%        3    ####...
 Vampiric Draining        Necr           #.........   100%        3    ####...
 Airstrike                Air            #.........   100%        4    #####..
 Animate Dead             Necr           N/A          100%        4    #####..
 Cause Fear               Hex            #.........   100%        4    #####..
 Force Lance              Conj/Tloc      #.......     100%        4    #####..
 Fulminant Prism          Conj/Hex       #.........   100%        4    #####..
 Ice Form                 Ice/Tmut       #.......     100%        4    #####..
 Iskenderun's Mystic Bla  Conj           #.......     100%        4    #####..
 Leda's Liquefaction      Hex/Erth       #.........   100%        4    #####..
 Olgreb's Toxic Radiance  Pois           #.......     100%        4    #####..
 Passage of Golubria      Tloc           N/A          100%        4    #####..
 Petrify                  Tmut/Erth      #.......     100%        4    #####..
 Sticky Flame             Conj/Fire      #.......     100%        4    #####..
 Summon Ice Beast         Ice/Summ       #.......     100%        4    #####..
 Summon Lightning Spire   Summ/Air       #.......     100%        4    #####..
 Agony                    Necr           #.......     100%        5    ######.
 Alistair's Intoxication  Tmut/Pois      #.......     100%        5    ######.
 Aura of Abjuration       Summ           #.........   100%        5    ######.
 Blade Hands              Tmut           #.........   100%        5    ######.
 Bolt of Draining         Conj/Necr      #.........   100%        5    ######.
 Bolt of Magma            Conj/Fire/Erth #.........   100%        5    ######.
 Dispel Undead            Necr           #.......     100%        5    ######.
 Excruciating Wounds      Chrm/Necr      #.........   100%        5    ######.
 Fireball                 Conj/Fire      #.........   100%        5    ######.
 Irradiate                Conj/Tmut      #.........   100%        5    ######.
 Lightning Bolt           Conj/Air       #.........   100%        5    ######.
 Metabolic Englaciation   Hex/Ice        #.........   100%        5    ######.
 Silence                  Hex/Air        #.........   100%        5    ######.
 Summon Demon             Summ           #.........   100%        5    ######.
 Summon Forest            Summ/Tloc      #.........   100%        5    ######.
 Summon Mana Viper        Hex/Summ       #.......     100%        5    ######.
 Venom Bolt               Conj/Pois      #.........   100%        5    ######.
 Yara's Violent Unravell  Hex/Tmut       #.........   100%        5    ######.
 Bolt of Cold             Conj/Ice       #.........   100%        6    #######
 Bolt of Fire             Conj/Fire      #.........   100%        6    #######
 Darkness                 Hex            #.........   100%        6    #######
 Death Channel            Necr           #.........   100%        6    #######
 Deflect Missiles         Chrm/Air       #.........   100%        6    #######
 Freezing Cloud           Conj/Ice/Air   #.........   100%        6    #######
 Hydra Form               Tmut           #.........   100%        6    #######
 Invisibility             Hex            #.......     100%        6    #######
 Iron Shot                Conj/Erth      #.........   100%        6    #######
 Ozocubu's Refrigeration  Ice            #.........   100%        6    #######
 Poison Arrow             Conj/Pois      #.........   100%        6    #######
 Shadow Creatures         Summ           N/A          100%        6    #######
 Simulacrum               Ice/Necr       #.........   100%        6    #######
 Statue Form              Tmut/Erth      #........    100%        6    #######
 Dragon Form              Tmut           #.........   100%        7    #######
 Malign Gateway           Summ/Tloc      #.........   100%        7    #######
 Spellforged Servitor     Conj/Summ      #.........   100%        7    #######
 Summon Hydra             Summ           #.........   100%        7    #######
 Chain Lightning          Conj/Air       #.........   100%        8    #######
 Death's Door             Chrm/Necr      #.........   100%        8    #######
 Discord                  Hex            #.........   100%        8    #######
 Lehudib's Crystal Spear  Conj/Erth      #.........   100%        8    #######
 Fire Storm               Conj/Fire      #.........   100%        9    #######
 Glaciate                 Conj/Ice       #.........   100%        9    #######
 Shatter                  Erth           #.........   100%        9    #######


Dungeon Overview and Level Annotations

Branches:
Dungeon (15/15)            Temple (1/1) D:6            Lair (6/6) D:10
 Shoals (4/4) Lair:4       Spider (4/4) Lair:3        Slime (5/5) Lair:6
    Orc (2/2) D:10            Elf (3/3) Orc:2        Vaults (5/5) D:13
  Crypt (3/3) Vaults:2       Tomb (3/3) Crypt:3      Depths (5/5) D:15
   Hell (1/1)                 Dis (0/7) Hell            Geh (2/7) Hell
    Coc (2/7) Hell            Tar (0/7) Hell            Zot (1/5) Depths:5

Altars:
Ashenzari
Cheibriados
Dithmenos
Elyvilon
Fedhas
Gozag
Hepliaklqana
Kikubaaqudgha
Makhleb
Nemelex Xobeh
Okawaru
Qazlal
Ru
Trog
Uskayaw
Vehumet
Wu Jian
Xom
Yredelemnul
Zin
The Shining One
Beogh
Jiyva

Shops:
D:10 *   D:15 =!}*!   Orc:2 [[=!   Shoals:3 !   Vaults:2 (   Vaults:4 ?

Portals:
Hell: Depths:1 Depths:2 Depths:3 Depths:4 Depths:5
Abyss: Depths:4 Depths:5
Pandemonium: Depths:3 Depths:4


Innate Abilities, Weirdness & Mutations

You have a pair of large horns on your head.
You are completely covered in slimy green scales. (AC +4, rPois)
Your flesh is heat resistant. (rF+)
Your demonic aura causes spilled blood to erupt in flames.
You are extremely robust. (+30% HP)
When hurt, damage is shared between your health and your magic reserves.
You regenerate magic rapidly.
When low on magic, you restore magic in place of health.
You are immune to clouds of flame.
You have sharp fingernails.
Your mind is acute. (Int +2)
You are covered in fur. (AC +1)
Your muscles are strong. (Str +2)


Message History

* * * LOW HITPOINT WARNING * * *
The soul eater is healed.
A mummy priest comes into view.
Unknown command.
Unknown command.
You struggle against the net.
The bennu pecks you but does no damage.
The bennu claws you but does no damage. x2; The bennu pecks you.
* * * LOW HITPOINT WARNING * * *
The bennu sears you!!
* * * LOW HITPOINT WARNING * * *
The bennu misses you. The bennu claws you but does no damage.
The bennu pecks you but does no damage. The bennu claws you but does no damage.
The bennu barely misses you.
A flying skull comes into view.
The bennu pecks you but does no damage. The bennu completely misses you.
The bennu claws you but does no damage.
The greater mummy mumbles some strange words.
The bennu pecks you but does no damage.
The bennu claws you but does no damage. x2
The bennu pecks you but does no damage. The bennu claws you!
You die...

#zsLz.≈#s.
#≈≈≈≈≈M#..
M≈b()≈≈MM
#≈≈.z≈≈#
#)b.≈†≈#
#2≈z≈≈.#
#MbZ.≈)#
#b@b○†^#
#°§3.≈(#
########


You could see a greater mummy, an emperor scorpion, a lich, a reaper, 5 bennus,
an ancient champion, 2 mummy priests, a soul eater, a guardian mummy, a death
scarab, 3 flying skulls, a mummy and a golden dragon zombie.

Vanquished Creatures
  the Royal Jelly (Slime:5)
  2 ancient liches (Vaults:5)
  A juggernaut (Depths:5)
  31 greater mummies
  Sojobo (Vaults:4)
  Bai Suzhen (Depths:1)
  Margery (Vaults:2)
  9 shard shrikes
  Frederick (Vaults:3)
  Saint Roka (Vaults:2)
  8 golden dragons
  Geryon (Hell)
  Nikola (Depths:2)
  A mutant beast (WizLab)
  3 bone dragons
  A Brimstone Fiend (Zig:1)
  10 liches
  3 tentacled monstrosities
  Rupert (Vaults:4)
  31 acid blobs
  9 Ice Fiends
  A quicksilver dragon (Vaults:5)
  Asterion (Vaults:2)
  A kraken (Shoals:3)
  7 deep elf master archers
  22 titans
  An eldritch tentacle (Coc:1)
  12 deep elf blademasters
  2 ancient champions
  20 sphinxes
  9 shadow dragons
  Agnes (Spider:1)
  A draconian monk (Zot:1)
  12 tengu reavers
  Kirke (D:13)
  10 revenants
  4 storm dragons
  Ilsuiw (Shoals:4)
  9 azure jellies
  27 fire giants
  28 frost giants
  4 imperial myrmidons (Desolation)
  A draconian knight (Hell)
  3 iron dragons
  7 deep elf sorcerers
  9 large abominations
  21 vault wardens
  Aizul (Vaults:3)
  3 curse skulls
  A draconian scorcher (Zot:1)
  2 juggernaut zombies (Hell)
  3 ghost moths (Spider:4)
  3 emperor scorpions (Spider:4)
  8 ghouls
  A draconian shifter (Coc:1)
  4 balrugs
  11 deep elf elementalists
  A draconian annihilator (Depths:5)
  A draconian stormcaller (Coc:1)
  11 reapers
  20 ironheart preservers
  3 elemental wellsprings (Coc:1)
  5 entropy weavers
  34 very ugly things
  A juggernaut skeleton (Crypt:1)
  4 spriggan defenders
  33 stone giants
  2 war gargoyles (Vaults:5)
  9 vampire knights
  8 green draconians
  3 bennus (Tomb:3)
  7 deep elf demonologists
  A minotaur (Gauntlet)
  5 purple draconians
  10 deep elf annihilators
  Azrael (Elf:1)
  5 red draconians
  8 spark wasps
  A halazid warlock (Desolation)
  A lorocyproca (Hell)
  3 yellow draconians
  2 white draconians
  The ghost of xveg the Cleaver, a journeyman DrBe of Trog (D:12)
  14 ettins
  18 death oozes
  8 eidola
  8 merfolk javelineers
  13 fire dragons
  16 deep elf death magi
  2 crystal guardians
  4 merfolk impalers (Shoals:4)
  2 quicksilver dragon zombies
  20 mummy priests
  3 jiangshi
  5 blizzard demons
  6 deep elf high priests
  5 ragged hierophants (Desolation)
  26 yaktaur captains
  2 quicksilver dragon skeletons
  5 rakshasas
  50 vault guards
  7 servants of whispers (Desolation)
  10 great orbs of eyes
  A spectral shadow dragon (Crypt:3)
  Fannar (D:10)
  7 peacekeepers (Desolation)
  5 hydras
  2 kraken zombies
  A catoblepas (Lair:6)
  17 ice dragons
  5 merfolk avatars
  5 spriggan air magi
  An anaconda (shapeshifter) (Vaults:5)
  13 centaur warriors
  18 ogre magi
  3 death knights
  3 satyrs
  25 dancing weapons
  The ghost of ThisFiasco the Carver, a journeyman GrMo of the Shining One (Lair:1)
  17 deep troll shamans
  4 merfolk aquamancers
  80 death scarabs
  10 tengu warriors
  A titan zombie (Geh:1)
  53 two-headed ogres
  16 deep troll earth magi
  2 thrashing horrors (Abyss:3)
  An orc high priest (Orc:1)
  2 spriggan berserkers
  6 vampire magi
  2 shock serpents (shapeshifter)
  A spectral dire elephant (Crypt:3)
  7 hell hogs
  6 soul eaters
  46 deep elf knights
  11 sun demons
  An iron golem (WizLab)
  4 iron trolls
  A fire crab (Gauntlet)
  A fire crab (shapeshifter) (Vaults:5)
  An iron giant zombie (Crypt:3)
  3 titan skeletons
  24 hell knights
  40 skeletal warriors
  10 shadow wraiths (Crypt:3)
  A spectral anaconda (Crypt:3)
  11 sea snakes
  2 storm dragon skeletons
  3 unseen horrors
  48 deep trolls
  3 glowing orange brains (shapeshifter)
  5 golden dragon zombies
  4 wizards
  14 flayed ghosts
  33 phantasmal warriors
  5 shadow dragon zombies
  3 glowing orange brains
  3 anaconda zombies
  A tengu zombie (Vaults:3)
  6 golden dragon skeletons
  A harpy (shapeshifter) (WizLab)
  17 ironbrand convokers
  25 deep elf archers
  3 wolf spider zombies
  16 necromancers
  4 lindwurms (Lair:4)
  8 harpies
  13 orb spiders
  6 anaconda skeletons
  A spectral ice dragon (Crypt:3)
  102 deep elf magi
  3 iron dragon zombies
  8 orc knights
  28 wolf spiders
  2 mana vipers (shapeshifter)
  5 orc sorcerers
  A spectral alligator (Crypt:3)
  2 cyclopes (shapeshifter)
  A tengu skeleton (Vaults:1)
  14 fauns
  4 human zombies
  4 shadow dragon skeletons
  11 cyclopes
  3 shining eyes
  5 elephants
  16 manticores
  7 stone giant zombies
  An oklob plant (Shoals:3)
  8 frost giant zombies
  54 ugly things
  3 fire giant skeletons (Crypt:3)
  5 moths of wrath
  A fire giant zombie (Crypt:1)
  3 salamanders (shapeshifter)
  A shock serpent zombie (Geh:1)
  3 centaur zombies
  4 frost giant skeletons
  2 rust devils
  7 water nymphs
  3 dire elephant zombies
  5 guardian serpents (shapeshifter)
  Joseph (D:7)
  2 molten gargoyles
  25 vault sentinels
  12 merfolk sirens
  A stone giant skeleton (Coc:1)
  A water nymph (shapeshifter) (WizLab)
  3 black mambas (shapeshifter)
  7 black mambas
  4 eyes of devastation
  8 spiny frogs
  2 titan simulacra
  2 guardian serpents (Desolation)
  4 emperor scorpion zombies
  2 ice statues
  2 elephant slug zombies
  2 storm dragon simulacra (Hell)
  3 gargoyles
  An alligator snapping turtle zombie (Crypt:2)
  4 smoke demons
  4 spriggan zombies
  3 torpor snails
  3 spiny frogs (shapeshifter)
  A grey draconian zombie (Crypt:1)
  2 hellions
  16 demonic crawlers
  2 rime drakes (shapeshifter)
  A shock serpent skeleton (Crypt:1)
  2 kobold demonologists
  25 freezing wraiths
  A grey draconian skeleton (Crypt:1)
  2 yaktaur zombies
  9 rime drakes
  75 yaktaurs
  A pale draconian skeleton (Crypt:2)
  An anaconda simulacrum (IceCv)
  A catoblepas zombie (Geh:1)
  An efreet (Volcano)
  A golden dragon simulacrum (Coc:1)
  8 komodo dragons
  62 guardian mummies
  23 ice devils
  3 trolls (shapeshifter)
  3 harpy zombies
  13 tormentors
  An iron troll skeleton (Crypt:1)
  11 red devils
  10 hydra zombies
  A white draconian skeleton (Crypt:1)
  2 yaktaur skeletons
  8 tengu conjurers
  25 jumping spiders
  16 merfolk
  A meliai (shapeshifter) (WizLab)
  7 raiju
  A queen bee (shapeshifter) (WizLab)
  13 trolls
  8 wind drakes
  2 wind drakes (shapeshifter) (WizLab)
  A polar bear (shapeshifter) (Abyss:2)
  2 polar bears (Lair:6)
  A shadow dragon simulacrum (Hell)
  23 hornets
  6 blink frogs
  Grinder (D:6)
  3 hydra skeletons
  2 jumping spiders (shapeshifter) (WizLab)
  Prince Ribbit (D:9)
  84 slime creatures
  A raiju (shapeshifter) (D:14)
  50 saltlings (Desolation)
  An ettin zombie (Tomb:2)
  3 harpy skeletons
  A hippogriff (shapeshifter) (WizLab)
  3 ice dragon zombies
  2 dream sheep (Shoals:3)
  15 hippogriffs
  A jumping spider zombie (Crypt:3)
  A spectral manticore (Crypt:3)
  3 bog bodies
  14 snapping turtles
  2 frost giant simulacra
  An alligator zombie (Coc:2)
  3 fire dragon zombies
  A dream sheep (shapeshifter) (WizLab)
  2 iron dragon simulacra
  A spectral black mamba (Crypt:3)
  3 centaur simulacra
  A fire giant simulacrum (Tomb:2)
  4 tarantellas (shapeshifter)
  2 black mamba zombies (Crypt:1)
  2 air elementals
  64 redbacks
  A spriggan (shapeshifter) (Depths:3)
  35 flying skulls
  4 ice dragon skeletons
  A vampire (D:14)
  22 shadows
  16 water elementals
  2 yaks (shapeshifter)
  A fire dragon skeleton (Crypt:3)
  20 wraiths
  4 ettin skeletons
  5 spriggans
  18 fire elementals
  17 tarantellas
  2 redbacks (shapeshifter)
  13 ushabtiu
  5 alligator skeletons
  2 hogs (D:13)
  35 yaks
  4 dire elephant simulacra (IceCv)
  A catoblepas simulacrum (Coc:1)
  A human (WizLab)
  6 wyverns
  A black mamba skeleton (Coc:1)
  2 hogs (shapeshifter) (WizLab)
  12 golden eyes
  7 hungry ghosts
  2 death yak simulacra (IceCv)
  4 basilisks
  7 fire bats
  6 vampire mosquitoes (D:15)
  3 human simulacra
  An ogre zombie (Vaults:1)
  A deep troll zombie (Vaults:1)
  A harpy simulacrum (IceCv)
  6 iron troll simulacra (IceCv)
  A naga (shapeshifter) (Vaults:2)
  3 wargs
  An acid dragon (shapeshifter) (WizLab)
  A soldier ant (D:13)
  16 hell hounds
  6 floating eyes
  6 spiny frog zombies
  The ghost of daning the Conjurer, an amateur DECj of Sif Muna (D:3)
  2 acid dragons
  8 porcupines
  10 water moccasins
  Duvessa (D:7)
  5 hydra simulacra
  Purgy (Sewer)
  2 deep troll skeletons
  39 orc warriors
  2 spiny frog skeletons
  An alligator simulacrum (Hell)
  A black bear (Lair:2)
  3 phantoms
  13 ice beasts
  8 sky beasts
  A swamp dragon zombie (Tomb:1)
  3 eyes of draining
  An eye of draining (shapeshifter) (Vaults:1)
  An ettin simulacrum (Coc:2)
  3 snapping turtle zombies
  A hog zombie (Crypt:2)
  A lindwurm zombie (Crypt:3)
  9 necrophages
  52 ogres
  17 boggarts
  A manticore zombie (Geh:1)
  A boggart (shapeshifter) (Depths:5)
  20 centaurs
  3 snapping turtle skeletons
  21 wolves
  A human skeleton (Vaults:5)
  A manticore skeleton (Coc:1)
  A hog skeleton (Crypt:1)
  9 small abominations (WizLab)
  13 crocodiles
  17 bullfrogs
  An elf skeleton (Geh:1)
  A spiny frog simulacrum (Hell)
  Dowan (D:7)
  5 earth elementals
  A troll zombie (Crypt:3)
  5 scorpions
  An elephant simulacrum (IceCv)
  9 killer bees
  4 howler monkeys (D:9)
  59 wights
  A spriggan skeleton (Coc:1)
  16 crimson imps
  5 hounds
  A quasit (D:9)
  2 draconian simulacra (IceCv)
  6 jellies
  2 bullfrog skeletons
  21 orc wizards
  17 orc priests
  5 centaur skeletons
  4 iguanas
  2 spriggan simulacra (IceCv)
  3 troll simulacra (IceCv)
  8 worker ants
  A killer bee zombie (D:9)
  A wolf simulacrum (IceCv)
  A naga zombie (Crypt:1)
  A naga skeleton (Coc:1)
  2 ogre skeletons
  3 hound skeletons
  42 mummies
  7 gnolls
  A howler monkey skeleton (Crypt:2)
  9 adders
  4 naga simulacra (IceCv)
  A shadow imp (D:13)
  17 white imps
  7 ufetubi (IceCv)
  An ooze (D:3)
  A lava snake zombie (Crypt:2)
  An adder skeleton (D:4)
  2 adder zombies
  3 worms (D:3)
  A dart slug (D:2)
  8 leopard geckos
  102 orcs
  4 ball pythons
  6 giant cockroaches
  12 goblins
  9 hobgoblins
  16 jackals
  10 kobolds
  3 quokkas (D:5)
  5 bats
  11 frilled lizards
  A giant cockroach zombie (Crypt:3)
  A goblin skeleton (Crypt:1)
  A jackal skeleton (D:7)
  A quokka skeleton (D:5)
  11 rats
  A rat zombie (Crypt:2)
  A spectral orc (Crypt:3)
  6 crawling corpses
  A fungus (Lair:4)
  6 tentacles
3622 creatures vanquished.

Vanquished Creatures (collateral kills)
  A mummy priest (Tomb:2)
  2 centaurs (Bailey)
  4 orcs (Bailey)
7 creatures vanquished.

Vanquished Creatures (others)
  A sphinx (Tomb:1)
  An elemental wellspring (Coc:2)
  A deep elf death mage (Elf:3)
  An ice dragon (Depths:3)
  4 death scarabs (Tomb:3)
  2 necromancers (Depths:3)
  A deep elf mage (Elf:3)
  A yaktaur (Depths:3)
  A redback (shapeshifter) (Depths:1)
  A wraith (Geh:1)
  A centaur (Bailey)
  3 ogres
  A jelly (D:10)
  An orc wizard (Vaults:4)
  4 white imps (IceCv)
  An ufetubus (IceCv)
  A bush (Lair:6)
  6 fungi (Gauntlet)
  13 plants
  10 tentacles
  24 withered plants (Crypt:3)
79 creatures vanquished.

Grand Total: 3708 creatures vanquished

Notes
Turn   | Place    | Note
-------+----------+-------------------------------------------
     0 | D:1      | diana the Demonspawn Fighter began the quest for the Orb.
     0 | D:1      | Reached XP level 1. HP: 18/18 MP: 1/1
   235 | D:1      | Gained mutation: You have a pair of small horns on your
                  | head. [demonic ancestry]
   235 | D:1      | Reached XP level 2. HP: 17/24 MP: 2/2
   663 | D:2      | Gained mutation: You have a pair of horns on your head.
                  | [demonic ancestry]
   663 | D:2      | Reached XP level 3. HP: 29/29 MP: 3/3
   770 | D:2      | Found a stormy altar of Qazlal.
   974 | D:3      | Reached skill level 1 in Dodging
  1062 | D:3      | Found a large runed translucent door.
  1063 | D:3      | Found a large runed translucent door.
  1072 | D:3      | Noticed daning's ghost (amateur DECj)
  1104 | D:3      | Gained mutation: Your flesh is heat resistant. (rF+)
                  | [demonic ancestry]
  1104 | D:3      | Reached XP level 4. HP: 22/35 MP: 4/4
  1164 | D:3      | Found a glowing drain.
  1168 | Sewer    | Entered a sewer
  1464 | Sewer    | Noticed Purgy
  1487 | Sewer    | Killed Purgy
  1487 | Sewer    | Reached XP level 5. HP: 25/42 MP: 5/5
  2414 | D:3      | Gained mutation: You are immune to clouds of flame.
                  | [demonic ancestry]
  2414 | D:3      | Reached XP level 6. HP: 27/48 MP: 6/6
  2702 | D:4      | Reached skill level 4 in Fighting
  2711 | D:4      | HP: 1/48 [iguana (7)]
  3187 | D:4      | Found a shattered altar of Ashenzari.
  3198 | D:4      | Reached XP level 7. HP: 14/54 MP: 7/7
  3930 | D:5      | Entered Level 5 of the Dungeon
  4331 | D:5      | Reached skill level 5 in Long Blades
  4621 | D:5      | Gained mutation: When hurt, damage is shared between your
                  | health and your magic reserves. [demonic ancestry]
  4621 | D:5      | Reached XP level 8. HP: 14/61 MP: 8/8
  4921 | D:5      | Found a hazy altar of Hepliaklqana.
  5011 | D:5      | Got a scintillating golden ring
  5012 | D:5      | Identified the ring of Hoit Qig {rF+ Int-3 Dex+6 Stlth-}
                  | (You found it on level 5 of the Dungeon)
  5382 | D:5      | Reached skill level 5 in Fighting
  5487 | D:5      | Found a sparkling altar of Nemelex Xobeh.
  5602 | D:6      | Noticed Grinder
  5617 | D:6      | Paralysed by Grinder for 7 turns
  5629 | D:6      | Paralysed by Grinder for 6 turns
  5643 | D:6      | Killed Grinder
  6005 | D:6      | Found a staircase to the Ecumenical Temple.
  6072 | D:6      | Found an ornate altar of the Wu Jian Council.
  6236 | Temple   | Entered the Ecumenical Temple
  6363 | Temple   | Became a worshipper of Warmaster Okawaru
  6416 | D:7      | Reached skill level 5 in Armour
  6431 | D:7      | Reached XP level 9. HP: 37/69 MP: 5/9
  6699 | D:7      | Reached * piety under Okawaru
  6734 | D:7      | Noticed Duvessa
  6735 | D:7      | Noticed Dowan
  6741 | D:7      | Killed Duvessa
  6741 | D:7      | Reached skill level 6 in Fighting
  6921 | D:7      | Killed Dowan
  6961 | D:7      | Found a radiant altar of Vehumet.
  7427 | D:7      | Noticed Joseph
  7445 | D:7      | Killed Joseph
  7445 | D:7      | Reached ** piety under Okawaru
  7445 | D:7      | Reached skill level 5 in Dodging
  7991 | D:8      | Found a shadowy altar of Dithmenos.
  8019 | D:8      | Noticed a two-headed ogre
  8592 | D:9      | Reached XP level 10. HP: 63/77 MP: 8/10
  8645 | D:9      | Reached skill level 7 in Fighting
  8916 | D:9      | Noticed Prince Ribbit
  8931 | D:9      | Killed Prince Ribbit
  8939 | D:9      | Found a snail-covered altar of Cheibriados.
  8946 | D:9      | Noticed a two-headed ogre
  8961 | D:9      | Killed a two-headed ogre
  8961 | D:9      | Reached *** piety under Okawaru
  9431 | D:9      | Found an ancient bone altar of Kikubaaqudgha.
  9496 | D:9      | Found a white marble altar of Elyvilon.
  9497 | D:9      | Found an opulent altar of Gozag.
  9498 | D:9      | Found a glowing golden altar of the Shining One.
  9603 | D:10     | Entered Level 10 of the Dungeon
  9693 | D:10     | Noticed a two-headed ogre
  9815 | D:10     | Killed an unseen horror
  9815 | D:10     | Reached **** piety under Okawaru
 10437 | D:10     | Found a staircase to the Orcish Mines.
 10479 | D:10     | Found a staircase to the Lair.
 10625 | D:10     | Found Gozunan's General Store.
 10637 | D:10     | Reached skill level 8 in Fighting
 10641 | D:10     | Reached XP level 11. HP: 56/86 MP: 11/11
 10828 | D:10     | Killed a two-headed ogre
 10828 | D:10     | Reached skill level 10 in Long Blades
 10828 | D:10     | Noticed Fannar
 10845 | D:10     | Killed Fannar
 11405 | D:11     | Reached ***** piety under Okawaru
 11433 | D:11     | Noticed a two-headed ogre
 11502 | D:11     | Found a flagged portal.
 11515 | Bailey   | Entered a bailey
 12289 | Bailey   | Reached skill level 1 in Invocations
 12645 | Bailey   | Identified the +0 fire dragon scales "Wiax" {rPois rF++ rC-
                  | Str-3 Dex+3}
 13568 | D:11     | Killed a two-headed ogre
 13614 | D:11     | HP: 4/87 [something (5)]
 13991 | Lair:1   | Entered Level 1 of the Lair of Beasts
 14016 | Lair:1   | Found a transporter.
 14016 | Lair:1   | Noticed ThisFiasco's ghost (journeyman GrMo)
 14020 | Lair:1   | Found a transporter.
 14924 | Lair:2   | Reached skill level 9 in Fighting
 15021 | Lair:2   | Received a gift from Okawaru
 15025 | Lair:2   | Gained mutation: You are partially covered in slimy green
                  | scales. (AC +2) [demonic ancestry]
 15025 | Lair:2   | Reached XP level 12. HP: 17/95 MP: 4/15
 15626 | Lair:2   | Noticed a six-headed hydra
 15862 | Orc:1    | Entered Level 1 of the Orcish Mines
 16107 | Orc:2    | Entered Level 2 of the Orcish Mines
 16626 | Orc:1    | Noticed an orc high priest
 16690 | Orc:1    | Killed an orc high priest
 17067 | Orc:1    | HP: 3/96 [orc sorcerer/bolt of negative energy[an orc high
                  | priest] (27)]
 17449 | Orc:1    | Found a roughly hewn altar of Beogh.
 17604 | Orc:1    | Noticed a two-headed ogre
 17629 | Orc:1    | Killed a two-headed ogre
 18095 | Orc:2    | Found a staircase to the Elven Halls.
 18125 | Orc:2    | Noticed a two-headed ogre
 18127 | Orc:2    | Noticed a two-headed ogre
 18127 | Orc:2    | Noticed a two-headed ogre
 18313 | Orc:1    | Killed a two-headed ogre
 18543 | Orc:1    | Killed a two-headed ogre
 18545 | Orc:1    | Killed a two-headed ogre
 18545 | Orc:1    | Reached skill level 5 in Invocations
 18577 | Orc:2    | Noticed an ogre mage
 18578 | Orc:2    | Reached skill level 10 in Fighting
 18719 | Orc:2    | Noticed a two-headed ogre
 18727 | Orc:2    | Killed a two-headed ogre
 18734 | Orc:2    | Noticed a two-headed ogre
 18734 | Orc:2    | Noticed a two-headed ogre
 18738 | Orc:2    | Killed an ogre mage
 18738 | Orc:2    | Received a gift from Okawaru
 18739 | Orc:2    | Noticed an ogre mage
 18740 | Orc:2    | Noticed a two-headed ogre
 18922 | Orc:2    | Killed a two-headed ogre
 18922 | Orc:2    | Gained mutation: You regenerate magic rapidly. [demonic
                  | ancestry]
 18922 | Orc:2    | Reached XP level 13. HP: 92/103 MP: 17/17
 19419 | Orc:2    | Found Nuezoh's Jewellery Emporium.
 19421 | Orc:2    | Found Tucvif's Armour Shop.
 19429 | Orc:2    | Found Ofyoniwn's Distillery.
 19430 | Orc:2    | Found Meaggal's Armour Emporium.
 19488 | Orc:2    | Bought the amulet of Inwap {Acrobat rPois Int+2 Slay+6
                  | Stlth+} for 880 gold pieces
 19500 | Orc:2    | Bought a +3 ring of protection for 252 gold pieces
 20278 | Lair:3   | Found a shimmering altar of Xom.
 20631 | Lair:3   | Found a hole to the Spider Nest.
 21190 | Lair:4   | Received a gift from Okawaru
 21232 | Lair:4   | Found a dark tunnel.
 21321 | Volcano  | Entered a volcano
 21387 | Volcano  | Noticed a stone giant
 21389 | Volcano  | Found the +3 pair of gauntlets of War {Slay+5}
 21396 | Volcano  | Killed a stone giant
 21780 | Lair:4   | Reached skill level 10 in Armour
 21785 | Lair:4   | Found a staircase to the Shoals.
 22174 | Lair:4   | Found the +5 demon whip "Spellbinder" {antimagic, MR+}
 22440 | Lair:5   | Found a gate leading to a gauntlet.
 22457 | Gauntlet | Entered a Gauntlet
 22457 | Gauntlet | Found a transporter.
 22457 | Gauntlet | Found a transporter.
 22458 | Gauntlet | Found a transporter.
 22460 | Gauntlet | Found a transporter.
 22461 | Gauntlet | Found a transporter.
 22471 | Gauntlet | Found a transporter.
 22475 | Gauntlet | Found a transporter.
 22484 | Gauntlet | Noticed a blizzard demon
 22487 | Gauntlet | Found a transporter.
 22576 | Gauntlet | Found a transporter.
 22590 | Gauntlet | Found the +0 Maxwell's etheric cage {RegenMP+ *Contam rElec
                  | MP+4}
 22590 | Gauntlet | Found a transporter.
 22591 | Gauntlet | Found a transporter.
 22600 | Gauntlet | Found a transporter.
 22730 | Gauntlet | Reached XP level 14. HP: 108/111 MP: 20/20
 22774 | Gauntlet | Got a flickering silver ring
 22812 | Gauntlet | Reached skill level 11 in Fighting
 22831 | Gauntlet | Identified the ring of Hehui {rPois MP+9 Str+3} (You found
                  | it in a Gauntlet)
 22863 | Gauntlet | Identified the +7 flail of Edweriod {protect, Int+2}
 22882 | Gauntlet | Identified the Compendium of Good Luck
 22887 | Gauntlet | Found the +2 hat of the Bear Spirit {Spirit, +Rage rN+
                  | MR++}
 22947 | Lair:5   | Gained mutation: You are mostly covered in slimy green
                  | scales. (AC +3) [demonic ancestry]
 22947 | Lair:5   | Reached XP level 15. HP: 120/120 MP: 21/21
 23087 | Lair:5   | Reached skill level 5 in Shields
 23091 | Lair:5   | Received a gift from Okawaru
 23261 | Lair:5   | Reached skill level 10 in Dodging
 23751 | Lair:6   | Entered Level 6 of the Lair of Beasts
 23768 | Lair:6   | Reached skill level 12 in Fighting
 23855 | Lair:6   | Found a viscous altar of Jiyva.
 23860 | Lair:6   | Found a staircase to the Slime Pits.
 25139 | Lair:1   | Killed ThisFiasco's ghost
 25158 | Lair:1   | Got a pair of warped boots
 25169 | Lair:1   | Identified the cursed +0 pair of boots "Gyimpe" {rCorr
                  | Dex+3} (You found it on level 1 of the Lair of Beasts)
 25366 | D:3      | Killed daning's ghost
 25680 | D:12     | Found a runed translucent door.
 25680 | D:12     | Found a shimmering altar of Xom.
 25680 | D:12     | Noticed xveg's ghost (journeyman DrBe)
 25680 | D:12     | Identified the +7 flail "Jakkeal" {chaos, MP-9 Int+6}
 25733 | D:12     | You fall through a shaft for 2 floors!
 25983 | D:13     | Reached ****** piety under Okawaru
 26061 | D:13     | Received a gift from Okawaru
 26210 | D:13     | Noticed Kirke
 26223 | D:13     | Killed Kirke
 26366 | D:13     | Found a gate to the Vaults.
 27234 | D:14     | Reached skill level 13 in Fighting
 27244 | D:14     | Gained mutation: When low on magic, you restore magic in
                  | place of health. [demonic ancestry]
 27244 | D:14     | Reached XP level 16. HP: 130/130 MP: 22/22
 27382 | D:14     | Found a hazy altar of Hepliaklqana.
 27403 | D:14     | Noticed a sphinx
 27442 | D:14     | Killed a sphinx
 27446 | D:14     | Received a gift from Okawaru
 27447 | D:14     | Got a polished scimitar {god gift}
 27448 | D:14     | Identified the +1 scimitar of the Everdark {protect, rN++
                  | Str+2 Int-3 SInv} (Okawaru gifted it to you on level 14 of
                  | the Dungeon)
 27764 | D:15     | Entered Level 15 of the Dungeon
 27765 | D:15     | Found Gaobalal's Distillery.
 27780 | D:15     | Found Upsoruw's Jewellery Shop.
 28036 | D:15     | Found Fecu's Gadget Shop.
 28036 | D:15     | Found Agireask's General Store.
 28150 | D:15     | Found Suynk's Distillery.
 28153 | D:15     | Bought 2 potions of berserk rage for 150 gold pieces
 28153 | D:15     | Bought a potion of heal wounds for 75 gold pieces
 28153 | D:15     | Bought a potion of curing for 45 gold pieces
 28153 | D:15     | Bought a potion of heal wounds for 75 gold pieces
 28153 | D:15     | Bought a potion of curing for 45 gold pieces
 28222 | D:15     | Found a staircase to the Depths.
 29431 | D:12     | Received a gift from Okawaru
 29442 | D:12     | Killed xveg's ghost
 29542 | Spider:1 | Entered Level 1 of the Spider Nest
 29727 | Spider:1 | Noticed Agnes
 29736 | Spider:1 | Killed Agnes
 30446 | Spider:1 | Got a warped bone ring
 30895 | Spider:2 | Reached skill level 14 in Fighting
 31223 | Spider:3 | Received a gift from Okawaru
 31537 | Spider:3 | Reached XP level 17. HP: 122/139 MP: 23/23
 31751 | Spider:4 | Entered Level 4 of the Spider Nest
 32159 | Spider:4 | Reached skill level 10 in Shields
 32321 | Spider:4 | Paralysed by a hornet for 2 turns
 32637 | Spider:4 | Received a gift from Okawaru
 32689 | Spider:4 | Got a gossamer rune of Zot
 33022 | Elf:1    | Entered Level 1 of the Elven Halls
 33054 | Elf:1    | Found a radiant altar of Vehumet.
 33082 | Elf:1    | Identified the +7 quarterstaff of the Fray {crush, MR+
                  | Str+4 SInv Stlth+}
 33204 | Elf:1    | Reached skill level 15 in Fighting
 33215 | Elf:1    | Received a gift from Okawaru
 33526 | Elf:1    | Identified the ring of Mirth {+Inv rPois rF+ rC+ SInv} (You
                  | found it on level 1 of the Spider Nest)
 33618 | Elf:1    | Noticed Azrael
 33623 | Elf:1    | Killed Azrael
 33696 | Elf:1    | Identified the Reference Book on Companions
 34029 | Elf:1    | Reached XP level 18. HP: 109/149 MP: 24/24
 34150 | Elf:2    | Identified 3 scrolls of acquirement
 34330 | Elf:2    | Found a flickering gateway to a bazaar.
 34351 | Bazaar   | Entered a bazaar
 34378 | Bazaar   | Found Renetsyn's Book Emporium.
 34425 | Bazaar   | Found Gemej's Book Shop.
 34442 | Bazaar   | Found Tik Ipto's Antique Weapon Emporium.
 34455 | Bazaar   | Found Nyvamm's Assorted Antiques.
 34463 | Bazaar   | Bought a scroll of teleportation for 87 gold pieces
 34522 | Elf:2    | Received a gift from Okawaru
 34538 | Elf:2    | Got a translucent scale mail {god gift}
 34539 | Elf:2    | Identified the +0 scale mail "Ikhisiaq" {Slay+3} (Okawaru
                  | gifted it to you on level 2 of the Elven Halls)
 34653 | Elf:2    | Found a huge runed translucent gate.
 34653 | Elf:2    | Found a huge runed translucent gate.
 34653 | Elf:2    | Found a huge runed translucent gate.
 34657 | Elf:2    | Found a huge runed translucent gate.
 34657 | Elf:2    | Found a huge runed translucent gate.
 35644 | Elf:3    | Entered Level 3 of the Elven Halls
 35719 | Elf:3    | Reached skill level 16 in Fighting
 35739 | Elf:3    | Noticed a Tzitzimitl
 35838 | Elf:3    | Received a gift from Okawaru
 36284 | Elf:3    | Gained mutation: You have a pair of large horns on your
                  | head. [demonic ancestry]
 36284 | Elf:3    | Reached XP level 19. HP: 157/157 MP: 25/25
 36401 | Elf:3    | Noticed a Tzitzimitl
 36486 | Elf:3    | Received a gift from Okawaru
 36489 | Elf:3    | Got a transparent long sword {god gift}
 36491 | Elf:3    | Identified the +1 long sword of Bimufer {slice, -Tele rC+
                  | rN+ Dex+10} (Okawaru gifted it to you on level 3 of the
                  | Elven Halls)
 36750 | Elf:3    | Reached skill level 15 in Armour
 36785 | Elf:3    | Identified the +2 robe "Wuosiph" {+Fly}
 36789 | Elf:3    | Identified the cursed ring of Boiggoil {+Blink Str-3 Int+8
                  | Dex-2}
 36931 | Elf:3    | Reached skill level 15 in Dodging
 37454 | Elf:3    | Noticed a Brimstone Fiend
 37639 | Elf:3    | Received a gift from Okawaru
 37695 | Elf:3    | Found a portal to a secret trove of treasure.
 38110 | Lair:1   | Got a steaming cloak
 38113 | Lair:1   | Got a shimmering large shield
 38124 | Lair:1   | Identified the +2 large shield of Honour {rN+ rCorr} (You
                  | acquired it on level 1 of the Lair of Beasts)
 38134 | Lair:1   | Identified the +2 cloak of Zin's Castigation {rCorr Slay+3
                  | Stlth-} (You acquired it on level 1 of the Lair of Beasts)
 38235 | Shoals:1 | Entered Level 1 of the Shoals
 38294 | Shoals:1 | Found a bloodstained altar of Trog.
 38318 | Shoals:1 | Reached skill level 17 in Fighting
 38408 | Shoals:1 | Found a frozen archway.
 38424 | IceCv    | Entered an ice cave
 39331 | IceCv    | Found the macabre finger necklace {rN+}
 39376 | IceCv    | Got a wavering pewter ring
 39384 | IceCv    | Got a smoking platinum ring
 39518 | Lair:1   | Identified the ring "Kusam" {rC+ Slay+2} (You found it in
                  | an ice cave)
 39520 | Lair:1   | Identified the ring of Sut Kolu {rCorr rPois rF+ Str+4
                  | Dex+2} (You found it in an ice cave)
 40227 | Shoals:2 | You are sucked into a shaft!
 40317 | Shoals:3 | Found Ziebluwn's Distillery.
 40375 | Shoals:3 | Bought a potion of heal wounds for 95 gold pieces
 40375 | Shoals:3 | Bought a potion of curing for 57 gold pieces
 40375 | Shoals:3 | Bought 2 potions of curing for 114 gold pieces
 40375 | Shoals:3 | Bought a potion of curing for 57 gold pieces
 40520 | Shoals:3 | Found an opulent altar of Gozag.
 41442 | Shoals:2 | Gained mutation: You are robust. (+10% HP) [demonic
                  | ancestry]
 41442 | Shoals:2 | Reached XP level 20. HP: 161/184 MP: 26/26
 41787 | Shoals:4 | Entered Level 4 of the Shoals
 41835 | Shoals:4 | Received a gift from Okawaru
 41857 | Shoals:4 | Got a pitted demon blade {god gift}
 41862 | Shoals:4 | Got a barnacled rune of Zot
 41919 | Shoals:4 | Identified the +2 demon blade of Putrescence {drain, Str+3}
                  | (Okawaru gifted it to you on level 4 of the Shoals)
 41921 | Shoals:4 | Noticed Ilsuiw
 41978 | Shoals:4 | Killed Ilsuiw
 42475 | Shoals:4 | Identified the Compendium of the Harmful Volcanoes
 43097 | Depths:1 | Entered Level 1 of the Depths
 43161 | Depths:1 | Found a gateway to Hell.
 43186 | Depths:1 | Got a faintly glowing plate armour
 43201 | Depths:1 | Identified the +1 plate armour "Bautagaj" {-Tele Int+8
                  | Stlth+} (You found it on level 1 of the Depths)
 43314 | Depths:1 | Found a gateway to a ziggurat.
 43338 | Depths:1 | Received a gift from Okawaru
 43393 | Depths:1 | Found the +9 heavy crossbow "Sniper" {velocity, Acc+∞ SInv}
 43491 | Depths:1 | Found the +8 demon blade "Bloodbane" {slice, *Rage +Rage
                  | Stlth-}
 43628 | Depths:1 | Noticed Bai Suzhen
 43641 | Depths:1 | Killed Bai Suzhen
 43647 | Depths:1 | Reached skill level 15 in Long Blades
 43764 | Depths:1 | Received a gift from Okawaru
 43807 | Depths:1 | Found an ornate altar of the Wu Jian Council.
 44285 | Vaults:1 | Entered Level 1 of the Vaults
 44413 | Vaults:1 | Reached skill level 18 in Fighting
 44435 | Vaults:1 | Gained mutation: You are very robust. (+20% HP) [demonic
                  | ancestry]
 44435 | Vaults:1 | Reached XP level 21. HP: 187/212 MP: 27/27
 44444 | Vaults:1 | Cast into level 2 of the Abyss (a deep elf sorcerer)
 44546 | Vaults:1 | Escaped the Abyss
 45841 | Elf:3    | You paid a toll of 18 scrolls of identify to enter a
                  | treasure trove
 45842 | Trove    | Entered a treasure trove
 46441 | Vaults:2 | Received a gift from Okawaru
 46844 | Vaults:2 | Noticed Asterion
 46855 | Vaults:2 | Killed Asterion
 46984 | Vaults:2 | Noticed Saint Roka
 46998 | Vaults:2 | Killed Saint Roka
 47394 | Vaults:2 | Found a staircase to the Crypt.
 47394 | Vaults:2 | Found a basalt altar of Yredelemnul.
 47395 | Vaults:2 | Found an ancient bone altar of Kikubaaqudgha.
 47463 | Vaults:2 | Noticed Margery
 47477 | Vaults:2 | Killed Margery
 47677 | Vaults:2 | Found Sulot's Antique Weapon Shop.
 47753 | Vaults:3 | Noticed Aizul
 47765 | Vaults:3 | Killed Aizul
 47785 | Vaults:3 | Identified the amulet "Doum" {Reflect Dex+4 SH+5}
 47786 | Vaults:3 | Found a ruined gateway.
 47836 | Desolati | Entered the Desolation of Salt
 47941 | Desolati | Received a gift from Okawaru
 47957 | Desolati | Got an ancient plate armour {god gift}
 47968 | Desolati | Identified the +1 plate armour "Vab Xeud" {rF+ Regen+
                  | Str+6} (Okawaru gifted it to you in the Desolation of Salt)
 47987 | Desolati | Identified the Almanac of Ashen Heat
 48056 | Desolati | Reached XP level 22. HP: 183/223 MP: 28/28
 48135 | Desolati | Identified Sif Muna's Compendium of Attacks and Necromancy
 48177 | Desolati | Identified the Volume of Supportive Intoxication
 48372 | Desolati | Got a pearl-studded chain mail
 48383 | Desolati | Identified the +1 chain mail of the Lute {rC+ rCorr Str-3}
                  | (You found it in the Desolation of Salt)
 48823 | Vaults:3 | Cast into level 3 of the Abyss (vault warden)
 48823 | Abyss:3  | Found a corrupted altar of Lugonu.
 48910 | Vaults:3 | Escaped the Abyss
 48924 | Vaults:3 | Noticed Frederick
 48937 | Vaults:3 | Killed Frederick
 48944 | Vaults:3 | Received a gift from Okawaru
 49329 | Vaults:3 | Reached skill level 19 in Fighting
 50003 | Vaults:3 | Received a gift from Okawaru
 51023 | Vaults:4 | Gained mutation: Your demonic aura causes spilled blood to
                  | erupt in flames. [demonic ancestry]
 51023 | Vaults:4 | Reached XP level 23. HP: 230/232 MP: 29/29
 51028 | Vaults:4 | Received a gift from Okawaru
 51106 | Vaults:4 | Reached skill level 15 in Shields
 51139 | Vaults:4 | Noticed Sojobo
 51145 | Vaults:4 | Noticed Rupert
 51179 | Vaults:4 | Killed Sojobo
 51185 | Vaults:4 | Killed Rupert
 51564 | Vaults:4 | Received a gift from Okawaru
 51567 | Vaults:4 | Got a bronze crystal plate armour {god gift}
 51569 | Vaults:4 | Paralysed by a sphinx for 7 turns
 51609 | Vaults:4 | Identified the +7 crystal plate armour of the Accordion
                  | {rElec Str+3} (Okawaru gifted it to you on level 4 of the
                  | Vaults)
 51684 | Vaults:4 | Found Hoysch's Magic Scroll Boutique.
 51692 | Vaults:4 | Bought a scroll of blinking for 127 gold pieces
 51692 | Vaults:4 | Bought a scroll of brand weapon for 340 gold pieces
 51692 | Vaults:4 | Bought a scroll of teleportation for 51 gold pieces
 51998 | Vaults:5 | Entered Level 5 of the Vaults
 52446 | Vaults:5 | Noticed an ancient lich
 52465 | Vaults:5 | Reached skill level 20 in Fighting
 52484 | Vaults:5 | Killed an ancient lich
 52522 | Vaults:5 | Received a gift from Okawaru
 52523 | Vaults:5 | Got a bloodstained scimitar {god gift}
 52576 | Vaults:5 | Noticed an ancient lich
 52716 | Vaults:5 | Gained mutation: You are completely covered in slimy green
                  | scales. (AC +4, rPois) [demonic ancestry]
 52716 | Vaults:5 | Reached XP level 24. HP: 118/244 MP: 29/29
 52969 | Vaults:5 | Identified the +1 scimitar of Pantheism {speed, +Blink
                  | rElec Str-3 Int+5} (Okawaru gifted it to you on level 5 of
                  | the Vaults)
 52993 | Vaults:5 | Killed an ancient lich
 53493 | Vaults:5 | Paralysed by an ogre mage for 3 turns
 53502 | Vaults:5 | Received a gift from Okawaru
 53525 | Vaults:5 | Got a pair of fine boots {god gift}
 53536 | Vaults:5 | Identified the +5 pair of boots of Insurance {*Drain MR+++
                  | Dex+6} (Okawaru gifted it to you on level 5 of the Vaults)
 53591 | Vaults:5 | Identified the Handbook of Hexes and Calling
 53602 | Vaults:5 | Got a silver rune of Zot
 53725 | Vaults:5 | Got a steaming plate armour
 53744 | Vaults:5 | Identified the cursed +0 plate armour of Redetar {Int+8}
                  | (You found it on level 5 of the Vaults)
 54111 | Vaults:5 | Received a gift from Okawaru
 54128 | Vaults:5 | Got a shimmering great sword {god gift}
 54134 | Vaults:5 | Identified the +2 great sword of the Abyss {slice, Str+6}
                  | (Okawaru gifted it to you on level 5 of the Vaults)
 54676 | Vaults:5 | Identified the Collected Works on Helpful Transmutation
 55848 | Depths:2 | Received a gift from Okawaru
 55888 | Depths:2 | You fall through a shaft for 2 floors!
 55910 | Depths:4 | Gained mutation: You are extremely robust. (+30% HP)
                  | [demonic ancestry]
 55910 | Depths:4 | Reached XP level 25. HP: 238/276 MP: 23/29
 55913 | Depths:4 | Reached skill level 21 in Fighting
 55964 | Depths:4 | Found a one-way gate to the infinite horrors of the Abyss.
 56042 | Depths:4 | Found a one-way gate leading to the halls of Pandemonium.
 56225 | Depths:3 | You fall through a shaft for 2 floors!
 56225 | Depths:5 | Entered Level 5 of the Depths
 56232 | Depths:5 | Noticed a juggernaut
 56258 | Depths:5 | Killed a juggernaut
 56304 | Depths:5 | Found a magical portal.
 56313 | WizLab   | Entered Cigotuvi's Fleshworks
 56698 | WizLab   | Paralysed by a floating eye for 2 turns
 56701 | WizLab   | Received a gift from Okawaru
 56718 | WizLab   | Paralysed by a floating eye for 3 turns
 56787 | WizLab   | Identified Sif Muna's Incunabulum of Transmutation
 56789 | WizLab   | Identified Cigotuvi's Papyrus of Twisted Transformation
 56823 | WizLab   | Got a vibrating garnet amulet
 57021 | Depths:5 | Gained mutation: Potions are less effective at restoring
                  | your health. [the power of Zot]
 57251 | Depths:3 | Received a gift from Okawaru
 57312 | Depths:3 | Got a smoking cloak {god gift}
 57316 | Depths:3 | Identified the +0 cloak "Guolomuf" {Int-2 Dex+4} (Okawaru
                  | gifted it to you on level 3 of the Depths)
 57317 | Depths:3 | Identified the amulet "Faytovol" {Acrobat *Drain +Inv MR+++
                  | Dex-5} (You found it in a wizard's laboratory)
 57421 | Depths:3 | Reached XP level 26. HP: 228/291 MP: 26/29
 57468 | Depths:3 | Identified the +3 scimitar of Chaos {slice, rPois rF+}
 57527 | Depths:3 | Received a gift from Okawaru
 57709 | Depths:3 | Reached skill level 22 in Fighting
 58743 | Depths:2 | Noticed Nikola
 58759 | Depths:2 | Received a gift from Okawaru
 58771 | Depths:2 | Killed Nikola
 59764 | Depths:4 | Found the amulet of Vitality {Regen+ HP+15}
 59770 | Depths:4 | Received a gift from Okawaru
 60466 | Depths:5 | Found a gate to the Realm of Zot.
 61004 | Lair:1   | Lost mutation: Potions are less effective at restoring your
                  | health. [potion of mutation]
 61004 | Lair:1   | Gained mutation: You have supernaturally acute eyesight.
                  | (SInv) [potion of mutation]
 61004 | Lair:1   | Gained mutation: You are covered in fur. (AC +1) [potion of
                  | mutation]
 61005 | Lair:1   | Lost mutation: You are covered in fur. (AC +1) [potion of
                  | mutation]
 61005 | Lair:1   | Lost mutation: You have supernaturally acute eyesight.
                  | (SInv) [potion of mutation]
 61005 | Lair:1   | Gained mutation: Your flesh is very heat resistant. (rF++)
                  | [potion of mutation]
 61005 | Lair:1   | Gained mutation: Your system is resistant to poisons.
                  | (rPois) [potion of mutation]
 61005 | Lair:1   | Gained mutation: Your spells are a little harder to cast,
                  | but a little more powerful. [potion of mutation]
 61006 | Lair:1   | Lost mutation: Your spells are a little harder to cast, but
                  | a little more powerful. [potion of mutation]
 61006 | Lair:1   | Lost mutation: Your system is resistant to poisons. (rPois)
                  | [potion of mutation]
 61006 | Lair:1   | Lost mutation: Your flesh is very heat resistant. (rF++)
                  | [potion of mutation]
 61006 | Lair:1   | Gained mutation: You are dopey. (Int -2) [potion of
                  | mutation]
 61006 | Lair:1   | Gained mutation: Your muscles are strong. (Str +2) [potion
                  | of mutation]
 61007 | Lair:1   | Lost mutation: Your muscles are strong. (Str +2) [potion of
                  | mutation]
 61007 | Lair:1   | Lost mutation: You are dopey. (Int -2) [potion of mutation]
 61007 | Lair:1   | Gained mutation: You expend magic power (3 MP) to
                  | strengthen your wands. [potion of mutation]
 61007 | Lair:1   | Gained mutation: You are somewhat resistant to further
                  | mutation. [potion of mutation]
 61007 | Lair:1   | Gained mutation: You possess an exceptional clarity of
                  | mind. [potion of mutation]
 61111 | Slime:1  | Entered Level 1 of the Pits of Slime
 61144 | Slime:1  | Reached XP level 27. HP: 253/296 MP: 25/29
 61349 | Slime:2  | Paralysed by a floating eye for 3 turns
 61815 | Slime:3  | Received a gift from Okawaru
 64029 | Slime:5  | Entered Level 5 of the Pits of Slime
 64343 | Slime:5  | Noticed the Royal Jelly
 64354 | Slime:5  | Killed the Royal Jelly
 64808 | Slime:5  | Found the +3 sling "Punk" {acid, rCorr}
 64855 | Slime:5  | Got a warped wooden ring
 64874 | Slime:5  | Got a pitted pewter ring
 64903 | Slime:5  | Got a slimy rune of Zot
 64947 | Slime:5  | Got a wavering lapis lazuli ring
 64960 | Slime:5  | Identified the ring of Annezxe {*Tele Str+7 Stlth-} (You
                  | found it on level 5 of the Pits of Slime)
 64963 | Slime:5  | Identified the ring "Zonuag" {EV+1 Str-2 Int-2 Dex+8
                  | Slay+2} (You found it on level 5 of the Pits of Slime)
 64965 | Slime:5  | Identified the ring "Oxtoeph" {Wiz Str+4 Int+4} (You found
                  | it on level 5 of the Pits of Slime)
 65675 | Zot:1    | Entered Level 1 of the Realm of Zot
 65735 | Zot:1    | Received a gift from Okawaru
 66065 | Crypt:1  | Entered Level 1 of the Crypt
 66073 | Crypt:1  | You fall through a shaft!
 66493 | Crypt:2  | Identified the Grimoire of Darkness
 67254 | Crypt:1  | Received a gift from Okawaru
 67267 | Crypt:1  | Got a slimy scale mail {god gift}
 67268 | Crypt:1  | Identified the +5 scale mail of the Eagle {rElec} (Okawaru
                  | gifted it to you on level 1 of the Crypt)
 67287 | Crypt:1  | Noticed a greater mummy
 67298 | Crypt:1  | Gained mutation: Armour fits poorly on your strangely
                  | shaped body. [a neqoxec]
 67299 | Crypt:1  | Killed a greater mummy
 67628 | Crypt:3  | Entered Level 3 of the Crypt
 68457 | Crypt:3  | Found a staircase to the Tomb.
 68873 | Crypt:3  | Got a bloodstained plate armour
 68874 | Crypt:3  | Identified the cursed +1 plate armour of Midnight {+Blink
                  | Str+2 Int-2 SInv} (You found it on level 3 of the Crypt)
 69989 | Crypt:3  | Found an ancient bone altar of Kikubaaqudgha.
 70426 | Crypt:3  | Received a gift from Okawaru
 70480 | Crypt:3  | Identified the Grimoire of Unholy Magic
 71068 | D:2      | Fell from the grace of Okawaru
 71068 | D:2      | Became a worshipper of Qazlal Stormbringer
 71385 | Hell     | Entered the Vestibule of Hell
 71385 | Hell     | Noticed Geryon
 71394 | Hell     | Reached skill level 23 in Fighting
 71458 | Hell     | Reached * piety under Qazlal
 71749 | Hell     | Killed Geryon
 71769 | Hell     | Reached ** piety under Qazlal
 72124 | Hell     | Found a gateway to the decaying netherworld of Tartarus.
 72203 | Hell     | Found a gateway to the freezing wastes of Cocytus.
 72217 | Hell     | Reached *** piety under Qazlal
 72280 | Hell     | Found a gateway to the Iron City of Dis.
 72320 | Hell     | Found a gateway to the ashen valley of Gehenna.
 72447 | Coc:1    | Entered Level 1 of Cocytus
 72900 | Coc:1    | Lost mutation: You possess an exceptional clarity of mind.
                  | [mutagenic glow]
 73117 | Coc:1    | Reached **** piety under Qazlal
 73705 | Coc:1    | Reached ***** piety under Qazlal
 74515 | Coc:1    | Gained mutation: You are dopey. (Int -2) [mutagenic glow]
 74566 | Coc:1    | Gained mutation: Your magical capacity is low. (-10% MP)
                  | [mutagenic glow]
 74588 | Coc:1    | Gained mutation: You do not regenerate when monsters are
                  | visible. [mutagenic glow]
 76258 | Coc:2    | Reached skill level 10 in Invocations
 76908 | Geh:1    | Entered Level 1 of Gehenna
 78469 | Zig:1    | Entered Level 1 of a ziggurat
 78495 | Depths:1 | Was forgiven by Okawaru
 78948 | Tomb:1   | Entered Level 1 of the Tomb of the Ancients
 79377 | Tomb:1   | Noticed a greater mummy
 79391 | Tomb:1   | Killed a greater mummy
 79553 | Tomb:1   | Noticed a greater mummy
 79563 | Tomb:1   | Killed a greater mummy
 79937 | Tomb:1   | Reached skill level 24 in Fighting
 80053 | Tomb:1   | Identified the ring of Bodghy {MR++ MP+9}
 80597 | Lair:1   | Lost mutation: You are somewhat resistant to further
                  | mutation. [potion of mutation]
 80597 | Lair:1   | Lost mutation: You are dopey. (Int -2) [potion of mutation]
 80597 | Lair:1   | Lost mutation: Armour fits poorly on your strangely shaped
                  | body. [potion of mutation]
 80597 | Lair:1   | Gained mutation: You have sharp fingernails. [potion of
                  | mutation]
 80597 | Lair:1   | Gained mutation: Your mind is acute. (Int +2) [potion of
                  | mutation]
 80598 | Lair:1   | Lost mutation: Your mind is acute. (Int +2) [potion of
                  | mutation]
 80598 | Lair:1   | Lost mutation: You do not regenerate when monsters are
                  | visible. [potion of mutation]
 80598 | Lair:1   | Lost mutation: Your magical capacity is low. (-10% MP)
                  | [potion of mutation]
 80598 | Lair:1   | Gained mutation: Your flesh is cold resistant. (rC+)
                  | [potion of mutation]
 80598 | Lair:1   | Gained mutation: Your spells are a little easier to cast,
                  | but a little less powerful. [potion of mutation]
 80598 | Lair:1   | Gained mutation: You have large cloven feet. [potion of
                  | mutation]
 80599 | Lair:1   | Lost mutation: Your flesh is cold resistant. (rC+) [potion
                  | of mutation]
 80599 | Lair:1   | Lost mutation: Your spells are a little easier to cast, but
                  | a little less powerful. [potion of mutation]
 80599 | Lair:1   | Lost mutation: You have large cloven feet. [potion of
                  | mutation]
 80599 | Lair:1   | Gained mutation: Your flesh is cold resistant. (rC+)
                  | [potion of mutation]
 80599 | Lair:1   | Gained mutation: You are covered in fur. (AC +1) [potion of
                  | mutation]
 81250 | Tomb:2   | Lost mutation: Your flesh is cold resistant. (rC+) [the
                  | power of Zot]
 81251 | Tomb:2   | Noticed a greater mummy
 81252 | Tomb:2   | Noticed a greater mummy
 81252 | Tomb:2   | Noticed a greater mummy
 81256 | Tomb:2   | Noticed a greater mummy
 83354 | Tomb:2   | Killed a greater mummy
 83360 | Tomb:2   | Killed a greater mummy
 83368 | Tomb:2   | Killed a greater mummy
 83372 | Tomb:2   | Killed a greater mummy
 83372 | Tomb:2   | Reached skill level 15 in Invocations
 83819 | Tomb:1   | Noticed a greater mummy
 83832 | Tomb:1   | Killed a greater mummy
 83835 | Tomb:1   | Noticed a greater mummy
 83838 | Tomb:1   | Noticed a greater mummy
 83843 | Tomb:1   | Noticed a greater mummy
 83847 | Tomb:1   | Noticed a greater mummy
 83850 | Tomb:1   | Killed a greater mummy
 83854 | Tomb:1   | Noticed a greater mummy
 83863 | Tomb:1   | Killed a greater mummy
 83864 | Tomb:1   | Noticed a greater mummy
 83867 | Tomb:1   | Killed a greater mummy
 83867 | Tomb:1   | Noticed a greater mummy
 83877 | Tomb:1   | Killed a greater mummy
 83878 | Tomb:1   | Noticed a greater mummy
 83881 | Tomb:1   | Killed a greater mummy
 83889 | Tomb:1   | Killed a greater mummy
 83891 | Tomb:1   | HP: 21/463 [emperor scorpion[a greater mummy] (4)]
 83893 | Tomb:1   | Killed a greater mummy
 83895 | Tomb:1   | Noticed a greater mummy
 83895 | Tomb:1   | Noticed a greater mummy
 83895 | Tomb:1   | Noticed a greater mummy
 83896 | Tomb:1   | HP: 12/463 [soul eater/drain life[a greater mummy's death
                  | curse] (5)]
 83904 | Tomb:1   | Killed a greater mummy
 83911 | Tomb:1   | HP: 13/312 [greater mummy/divine providence (6)]
 83923 | Tomb:2   | Killed a greater mummy
 84442 | Tomb:1   | Killed a greater mummy
 84460 | Tomb:1   | Noticed a greater mummy
 84466 | Tomb:1   | Killed a greater mummy
 84472 | Tomb:1   | Noticed a greater mummy
 84474 | Tomb:1   | Noticed a greater mummy
 84486 | Tomb:2   | Killed a greater mummy
 84977 | Tomb:1   | Killed a greater mummy
 85202 | Tomb:1   | Killed a greater mummy
 85295 | Tomb:1   | Gained mutation: Armour fits poorly on your strangely
                  | shaped body. [the power of Zot]
 85295 | Tomb:1   | Gained mutation: Your body sometimes deteriorates upon
                  | taking damage. [the power of Zot]
 85325 | Tomb:1   | Noticed a greater mummy
 85335 | Tomb:1   | Killed a greater mummy
 85377 | Tomb:1   | Noticed a greater mummy
 85380 | Tomb:1   | Noticed a greater mummy
 85383 | Tomb:1   | Killed a greater mummy
 85384 | Tomb:1   | Noticed a greater mummy
 85387 | Tomb:1   | Noticed a greater mummy
 85392 | Tomb:1   | Killed a greater mummy
 85396 | Tomb:1   | Killed a greater mummy
 85403 | Tomb:1   | Killed a greater mummy
 85405 | Tomb:1   | Noticed a greater mummy
 85418 | Tomb:1   | Killed a greater mummy
 85430 | Tomb:1   | Noticed a greater mummy
 85441 | Tomb:1   | Noticed a greater mummy
 85446 | Tomb:1   | Killed a greater mummy
 85452 | Tomb:1   | Killed a greater mummy
 85464 | Tomb:1   | Noticed a greater mummy
 85473 | Tomb:1   | Killed a greater mummy
 86497 | Tomb:2   | Lost mutation: Armour fits poorly on your strangely shaped
                  | body. [potion of mutation]
 86497 | Tomb:2   | Lost mutation: You expend magic power (3 MP) to strengthen
                  | your wands. [potion of mutation]
 86497 | Tomb:2   | Lost mutation: Your body sometimes deteriorates upon taking
                  | damage. [potion of mutation]
 86497 | Tomb:2   | Gained mutation: Your mind is acute. (Int +2) [potion of
                  | mutation]
 86497 | Tomb:2   | Gained mutation: Your muscles are strong. (Str +2) [potion
                  | of mutation]
 86593 | Tomb:3   | Entered Level 3 of the Tomb of the Ancients
 86611 | Tomb:3   | Noticed a greater mummy
 86613 | Tomb:3   | HP: 3/304 [bennu (18)]
 86613 | Tomb:3   | Mangled by a bennu

Skill      XL: |  1  2  3  4  5  6  7  8  9 10 11 12 13 14 15 16 17 18 19 20 21 22 23 24 25 26 27 |
---------------+----------------------------------------------------------------------------------+-----
Long Blades    | 2 3 4 5 6 8 9 11 12 13 14 15 16 17 18 19 20 | 20.5
Shields        | 3 4 7 9 11 12 13 14 15 17 21 | 21.6
Armour         | 3 4 5 6 7 8 9 10 11 12 13 14 15 16 17 18 19 20 23 | 23.0
Dodging        | 1 2 3 4 5 6 7 8 9 11 12 13 14 15 16 17 18 19 20 22 | 22.9
Fighting       | 4 5 6 8 9 10 11 13 14 15 16 17 18 19 20 21 22 24 | 24.9
Invocations    | 4 5 8 19 | 19.3

Action                   |  1- 3 |  4- 6 |  7- 9 | 10-12 | 13-15 | 16-18 | 19-21 | 22-24 | 25-27 || total
-------------------------+-------+-------+-------+-------+-------+-------+-------+-------+-------++-------
Melee: Long sword        |   118 |   186 |   148 |       |       |       |       |       |       ||   452
       Headbutt          |    11 |    33 |    85 |   170 |   248 |   425 |   617 |   509 |  1699 ||  3797
       Great sword       |       |       |   143 |   561 |   186 |       |       |    25 |       ||   915
       Unarmed           |       |       |     9 |       |       |       |       |       |       ||     9
       Scimitar          |       |       |       |       |   376 |       |       |       |       ||   376
       Demon blade       |       |       |       |       |    68 |  1114 |  1440 |  1097 |  3721 ||  7440
Throw: Javelin           |       |       |       |     2 |       |       |       |       |       ||     2
Invok: Heroism           |       |       |       |    23 |     9 |     8 |     7 |     3 |     2 ||    52
       Finesse           |       |       |       |     6 |     4 |     3 |     5 |     3 |     2 ||    23
       Upheaval          |       |       |       |       |       |       |       |       |    27 ||    27
       Disaster Area     |       |       |       |       |       |       |       |       |     5 ||     5
       Elemental Force   |       |       |       |       |       |       |       |       |     1 ||     1
Evoke: Wand              |       |       |     1 |    29 |     3 |       |     1 |       |     3 ||    37
  Use: Potion            |       |     5 |     9 |    10 |     2 |       |       |     3 |    24 ||    53
       Scroll            |       |       |     9 |    12 |     9 |     8 |     5 |     9 |    15 ||    67
 Stab: Held in net/web   |       |       |       |       |       |     3 |       |       |       ||     3
       Distracted        |       |       |       |       |       |       |       |     1 |       ||     1
  Eat: Chunk             |       |     8 |     7 |    29 |    27 |    18 |    25 |    17 |    17 ||   148
       Ration            |       |       |     3 |     2 |       |     4 |     5 |     3 |    25 ||    42
Armor: Scale mail        |    47 |    77 |   101 |   247 |    50 |       |       |       |       ||   522
       Skin              |       |       |     4 |     1 |       |       |       |       |       ||     5
       Chain mail        |       |       |       |       |    35 |       |       |       |       ||    35
       Plate armour      |       |       |       |       |   143 |   342 |   345 |   149 |       ||   979
       Quicksilver drago |       |       |       |       |     6 |       |       |       |       ||     6
       Crystal plate arm |       |       |       |       |       |       |     3 |   198 |   958 ||  1159
Dodge: Dodged            |    50 |    64 |   204 |   689 |   440 |   550 |   608 |   471 |  1769 ||  4845
       Deflected         |       |       |       |       |       |       |       |       |    15 ||    15
Block: Shield            |    58 |   118 |    77 |       |   246 |   600 |    50 |       |       ||  1149
       Large shield      |       |       |       |       |       |       |  1237 |   945 |  4312 ||  6494
       Rpst.: Long sword |    25 |    20 |    18 |       |       |       |       |       |       ||    63
       Great sword       |       |       |    38 |   134 |    40 |       |       |     2 |       ||   214
       Scimitar          |       |       |       |       |    58 |       |       |       |       ||    58
       Demon blade       |       |       |       |       |     5 |   129 |    98 |    73 |   285 ||   590
